 Dungeon Crawl Stone Soup version 0.28.0-53-g5a82cb258f (webtiles) character file.

Game seed: 6707030314471526259

30 protoss039 the Digger (level 3, -3/26 HPs)
             Began as a Demonspawn Earth Elementalist on June 16, 2022.
             Slain by an adder (4 damage)
             ... on level 1 of the Dungeon.
             The game lasted 00:02:02 (2226 turns).

protoss039 the Digger (DsEE)                        Turns: 2226, Time: 00:02:04

Health: -3/26      AC:  2    Str:  6 (8)  XL:     3   Next: 5%
Magic:  0/6        EV: 12    Int: 17 (18) God:
Gold:   56         SH:  4    Dex: 12 (13) Spells: 3/6 levels left

rFire   . . .      SeeInvis .   a - +0 spear
rCold   . . .      Faith    .   (no shield)
rNeg    . . .      Spirit   .   b - +0 robe
rPois   .          Reflect  .   (no helmet)
rElec   .          Harm     .   (no cloak)
rCorr   .          Rampage  .   (no gloves)
Will    .....                   (no boots)
Stlth   ++........              (no amulet)
HPRegen 0.08/turn               (no ring)
MPRegen 0.10/turn               (no ring)

@: lethally poisoned (-3 -> -11)
A: condensation shield
a: no special abilities


You were on level 1 of the Dungeon.
You visited 1 branch of the dungeon, and saw 2 of its levels.

You collected 56 gold pieces.

Inventory:

Hand Weapons
 a - a +0 spear (weapon)
 f - a +0 club
Missiles
 c - 9 stones
Armour
 b - a +0 robe (worn)
Jewellery
 j - a ring of fire
Scrolls
 e - a scroll of vulnerability {unknown}
 g - 2 scrolls of identify {unknown}
 h - a scroll of brand weapon {unknown}
 i - a scroll of teleportation {unknown}


   Skills:
 * Level 1.5 Fighting
 + Level 0.8 Armour
 - Level 1.7 Dodging
 - Level 1.7 Stealth
 + Level 2.3 Spellcasting
 - Level 1.0 Transmutations
 + Level 2.9 Earth Magic


You had 3 spell levels left.
You knew the following spells:

 Your Spells              Type           Power      Damage    Failure   Level
a - Sandblast             Erth           24%        2d8       5%          1
b - Passwall              Tmut/Erth      6%         N/A       13%         2

Your spell library contained the following spells:

 Spells                   Type           Power      Damage    Failure   Level
 Stone Arrow              Conj/Erth      12%        3d7       30%         3
 Petrify                  Tmut/Erth      8%         N/A       63%         4


Dungeon Overview and Level Annotations

Branches:
Dungeon (2/15)

Altars:


Innate Abilities, Weirdness & Mutations

A meltable shield of frost defends you. (SH +4)


Message History

You hit the adder.
The adder is almost dead.
You block the adder's attack. The adder bites you.
You are poisoned.
The adder poisons you!
Casting: Sandblast (safe; 5% risk of failure)
Confirm with . or Enter, or press ? or * to list all spells.
Aiming: Sandblast (safe; 5% risk of failure)
Press: ? - help, Shift-Dir - straight line, f/p - adder
Aim: an adder (almost dead, 66% to hit)
The blast of sand misses the adder.
You feel sick. The adder bites you but does no damage.
Unknown command.
Casting: Sandblast (safe; 5% risk of failure)
Confirm with . or Enter, or press ? or * to list all spells.
You don't have enough magic to cast this spell.
Unknown command.
You closely miss the adder. Your punch misses the adder.
The adder is almost dead.
You feel sick. The adder bites you.
You closely miss the adder.
The adder is almost dead.
You feel sick. The adder closely misses you. The adder bites you.
You are more poisoned.
The adder poisons you!
You closely miss the adder.
The adder is almost dead.
* * * LOW HITPOINT WARNING * * *
You feel sick. The adder bites you.
* * * LOW HITPOINT WARNING * * *
You are more poisoned.
The adder poisons you!
Unknown command.
It was a potion of degeneration.
There was something very wrong with that liquid.
You feel weakened.
You feel dopey.
You feel clumsy.
* * * LOW HITPOINT WARNING * * *
You feel very sick. The adder closely misses you. The adder bites you.
You die...

### ######## ############### #..
.......#######.............# ##.#
.......##.................####...
.......##'####..S..♣♣♣.)..###^...
...........# #..@.♣♣......##...^.
..####.....###...♣♣.P♣....#(....>
..# #...........♣♣.♣P♣♣..#......
..# #......####.♣P..P♣P♣#.......
..# #......# #.♣.P≈≈.♣♣........
..####......# #..♣≈≈≈≈♣♣.#..^..^
............# #.♣♣P≈≈P♣♣.##^....
..###.......# #.♣♣.PPP♣#.###....
..# #.....#.####.#♣♣♣♣♣.#.#####.#


You could see an adder.

Vanquished Creatures
  A worm (D:1)
  2 endoplasms (D:1)
  3 goblins (D:1)
  5 hobgoblins (D:1)
  3 kobolds
  2 quokkas (D:1)
  3 ball pythons
  5 frilled lizards
  2 rats (D:1)
26 creatures vanquished.

Notes
Turn   | Place    | Note
-------+----------+-------------------------------------------
     0 | D:1      | protoss039 the Demonspawn Earth Elementalist began the
                  | quest for the Orb.
     0 | D:1      | Reached XP level 1. HP: 13/13 MP: 3/3
    62 | D:1      | Reached skill level 1 in Transmutations
   591 | D:1      | Gained mutation: A meltable shield of frost defends you.
                  | (SH +4) [demonic ancestry]
   591 | D:1      | Reached XP level 2. HP: 13/20 MP: 1/5
   776 | D:1      | Reached skill level 1 in Fighting
  2177 | D:1      | Learned a level 2 spell: Passwall
  2201 | D:2      | Reached XP level 3. HP: 26/26 MP: 4/6
  2226 | D:1      | HP: 1/26 [poisoned by an adder]
  2226 | D:1      | Slain by an adder

Illustrated notes

Levels and vault maps discovered:
D:1:      dpeg_arrival_shrine, layout_basic, serial_forest,
          infiniplex_forest_fountain, infiniplex_forest_straight_2,
          infiniplex_forest_pool, infiniplex_forest_lined_room_2,
          nicolae_wormholes
D:2:      layout_rooms, dk_noncrumbling_4, hangedman_decor_opposing

Skill      XL: |  1  2 |
---------------+-------+-----
Transmutations | 1 |  1.0
Fighting       | 1 |  1.5
Armour         | |  0.8
Dodging        | |  1.7
Stealth        | |  1.7
Spellcasting   | |  2.3
Earth Magic    | |  2.9

Action                   || total
-------------------------++-------
Melee: Club              ||    16
       Short sword       ||     6
       Spear             ||    64
       Punch             ||     2
 Cast: Sandblast         ||    25
  Use: Potion            ||     1
 Stab: Sleeping          ||     3
Armor: Robe              ||    10
Dodge: Dodged            ||    56
Block: Other             ||    14
